 Dungeon Crawl Stone Soup version 0.22-b1-21-g5cfc168 (webtiles) character file.

37 letownia2 the Insei (level 3, 0/26 HPs)
             Began as a Demonspawn Transmuter on Aug 3, 2018.
             Succumbed to a goblin's poison
             ... on level 2 of the Dungeon.
             The game lasted 00:02:04 (389 turns).

letownia2 the Insei (Demonspawn Transmuter)          Turns: 389, Time: 00:02:04

Health: 0/26       AC:  5    Str: 11    XL:     3   Next: 23%
Magic:  2/6        EV: 10    Int: 14    God:
Gold:   27         SH:  0    Dex: 13    Spells: 3/6 levels left

rFire    . . .     SeeInvis .     - Unarmed
rCold    . . .     Gourm    .   (no shield)
rNeg     . . .     Faith    .   g - +0 ring mail
rPois    .         Spirit   .   (no helmet)
rElec    .         Reflect  .   (no cloak)
rCorr    .         Harm     .   (no gloves)
MR       .....                  (no boots)
Stlth    +.........             (no amulet)
HPRegen  0.08/turn              (no ring)
MPRegen  0.10/turn              (no ring)

@: lethally poisoned (0 -> -14), very slightly contaminated
A: rot immunity
a: no special abilities


You were on level 2 of the Dungeon.
You were not hungry.

You visited 1 branch of the dungeon, and saw 2 of its levels.

You collected 27 gold pieces.

Inventory:

Missiles
 a - 32 arrows
Armour
 b - a +0 robe
 g - a +0 ring mail (worn)
Wands
 i - a wand of polymorph (12)
Scrolls
 c - a scroll of amnesia {unknown}
 f - a scroll of remove curse {unknown}
 j - a scroll of identify {unknown}
Potions
 e - 3 potions of ambrosia {unknown}
 h - a potion of curing {unknown}
 k - a potion of agility {unknown}
 l - a potion of berserk rage {unknown}
Comestibles
 d - 4 rations


   Skills:
 - Level 1.0 Fighting
 + Level 1.5 Armour
 - Level 1.7 Dodging
 + Level 3.2 Unarmed Combat
 - Level 2.0 Spellcasting
 + Level 2.1 Transmutations


You had 3 spell levels left.
You knew the following spells:

 Your Spells              Type           Power        Failure   Level  Hunger
a - Beastly Appendage     Tmut           #.....       22%         1    ##.....
l - Sticks to Snakes      Tmut           #.......     34%         2    ###....

Your spell library contained the following spells:

 Spells                   Type           Power        Failure   Level  Hunger
 Spider Form              Tmut/Pois      #.........   71%         3    ####...
 Blade Hands              Tmut           #.........   99%         5    ######.
 Ice Form                 Ice/Tmut       #.......     98%         4    #####..


Dungeon Overview and Level Annotations

Branches:
Dungeon (2/15)

Altars:


Innate Abilities, Weirdness & Mutations

You are immune to rotting.


Message History

* * * LOW HITPOINT WARNING * * *
You feel sick. The goblin hits you but does no damage.
You are more poisoned.
Unknown command.
You hit the goblin.
You kill the goblin!
Your horns disappear.
* * * LOW HITPOINT WARNING * * *
You feel sick.
Unknown command.
You hit the iguana.
The iguana is lightly wounded.
* * * LOW HITPOINT WARNING * * *
You feel sick. The iguana closely misses you.
Unknown command.
* * * LOW HITPOINT WARNING * * *
You feel sick.
* * * LOW HITPOINT WARNING * * *
You feel sick.
You die...

. #...### #..##.#.#.# ###.l.###
#..##...... ###...# ##.########.
###.# #..# #†. #. #)# ##.## ##.#
.. #.. #.####..# ###..# ..#
##..###l......# #..... ..#
#........#.##.# #..... #.#
#.#.#.#@....#.# #.)..< #.##
#...........#.# ###.## #..#
#.#.#.#.#.....#######.## #..###
#.......###.#..........# #....##
#.#.#.#.###.#.........##
#<##..####........†.............#
#.###.....##..####..............#
#.# #####.###.# #..............#
... #..##.# #####..........#


You could see an iguana.

Vanquished Creatures
  An adder (D:2)
  An ooze (D:1)
  4 dart slugs
  A giant cockroach (D:2)
  A goblin (D:2)
  2 jackals (D:2)
  A bat (D:2)
  A frilled lizard (D:1)
  2 rats
14 creatures vanquished.

Vanquished Creatures (collateral kills)
  A gnoll (D:2)
1 creature vanquished.

Grand Total: 15 creatures vanquished

Notes
Turn   | Place    | Note
-------+----------+-------------------------------------------
     0 | D:1      | letownia2 the Demonspawn Transmuter began the quest for the Orb.
     0 | D:1      | Reached XP level 1. HP: 15/15 MP: 3/3
    94 | D:1      | Reached skill level 1 in Armour
    94 | D:1      | Reached skill level 3 in Unarmed Combat
    94 | D:1      | Gained mutation: You are immune to rotting. [demonic ancestry]
    94 | D:1      | Reached XP level 2. HP: 14/21 MP: 1/5
   233 | D:2      | Learned a level 2 spell: Sticks to Snakes
   323 | D:2      | Reached XP level 3. HP: 14/26 MP: 1/6
   388 | D:2      | HP: 1/26 [poisoned by a goblin]
   389 | D:2      | Succumbed to a goblin's poison

Skill      XL: |  1  2 |
---------------+-------+-----
Armour         | 1 |  1.5
Unarmed Combat | 3 |  3.2
Transmutations | 2 |  2.1
Fighting       | |  1.0
Dodging        | |  1.7
Spellcasting   | |  2.0

Action                   || total
-------------------------++-------
Melee: Unarmed           ||    60
       Headbutt          ||     2
       Kick              ||     5
       Punch             ||     1
 Cast: Beastly Appendage ||    11
       Sticks to Snakes  ||     3
Armor: Robe              ||     2
       Ring mail         ||     9
Dodge: Dodged            ||    27
